 Dungeon Crawl Stone Soup version 0.30-a0-122-g2a1322497e (webtiles) character file.

Game seed: 14771318686565144102

46 IdlyInterested the Ducker (level 3, -3/28 HPs)
             Began as a Demonspawn Gladiator on Sept 15, 2022.
             Killed by divine providence
             ... invoked by an orc priest
              (12 damage)
             ... on level 3 of the Dungeon.
             The game lasted 00:04:16 (2776 turns).

IdlyInterested the Ducker (Demonspawn Gladiator)    Turns: 2776, Time: 00:04:17

Health: -3/28      AC:  8    Str: 14    XL:     3   Next: 46%
Magic:  3/3        EV: 11    Int:  9    God:
Gold:   155        SH:  3    Dex: 16    Spells: 2/2 levels left

rFire   . . .      SeeInvis .    a - +0 long sword
rCold   . . .      Faith    .    j - +0 buckler
rNeg    . . .      Spirit   .    q - +0 ring mail
rPois   .          Reflect  .    c - +0 helmet
rElec   .          Harm     .    (no cloak)
rCorr   .          Rampage  .    (no gloves)
Will    .....                    (no boots)
Stlth   +.........               (no amulet)
HPRegen 0.09/turn                (no ring)
MPRegen 0.08/turn                (no ring)

@: no status effects
A: yellow scales 1, weakness stinger 1
a: no special abilities


You were on level 3 of the Dungeon.
You visited 1 branch of the dungeon, and saw 3 of its levels.

You collected 155 gold pieces.

Inventory:

Hand Weapons
 a - a +0 long sword (weapon)
Missiles
 d - 3 throwing nets
 e - 4 javelins
 k - 12 stones (quivered)
 n - 4 poisoned darts
Armour
 b - a +0 leather armour
 c - a +0 helmet (worn)
 j - a +0 buckler (worn)
 q - a +0 ring mail (worn)
Magical Staves
 i - a staff of death
Jewellery
 f - a ring of fire
Wands
 l - a wand of flame (20)
Potions
 g - a potion of attraction
 h - a potion of might
 m - 2 potions of curing {unknown}
 o - 2 potions of cancellation {unknown}


   Skills:
 + Level 2.5 Fighting
 + Level 3.1 Long Blades
 - Level 1.7 Throwing
 * Level 3.4 Dodging


You had 2 spell levels left.
You didn't know any spells.
Your spell library contained the following spells:

 Spells                   Type           Power      Damage    Failure   Level
 Necrotise                Necr           0%         1d4       75%         1
 Summon Small Mammal      Summ           0%         N/A       75%         1
 Call Canine Familiar     Summ           0%         N/A       98%         3
 Summon Guardian Golem    Hex/Summ       0%         N/A       98%         3
 Vampiric Draining        Necr           0%         2d6       98%         3
 Agony                    Necr           0%         N/A       100%        5


Dungeon Overview and Level Annotations

Branches:
Dungeon (3/15)

Altars:


Innate Abilities, Weirdness & Mutations

You are partially covered in yellow scales. (AC +2)
You have a small tail.


Message History

The orc shouts!
An orc comes into view. It is wielding a +0 hand axe.
The orc shouts!
The orc wizard barely misses you.
You barely miss the orc wizard. You tail-slap the orc wizard.
The orc wizard is moderately wounded.
The orc wizard hits you with a +0 dagger.
An orc comes into view. It is wielding a +0 hand axe.
The orc shouts!
You hit the orc wizard. You tail-slap the orc wizard.
The orc wizard is almost dead.
You hear a shout!
The orc hits you but does no damage.
You slash the orc!
You kill the orc!
You hit the orc wizard but do no damage.
The orc wizard is almost dead.
The orc hits you but does no damage.
The orc wizard hits you with a +0 dagger.
The orc wizard casts a spell at you. The magic dart hits you!
The orc barely misses you. The orc hits you with a +0 club.
You barely miss the orc wizard.
You tail-slap the orc wizard, but do no damage.
The orc wizard is almost dead.
The orc hits you but does no damage. You block the orc's attack.
The orc barely misses you.
The orc wizard hits you with a +0 dagger.
You barely miss the orc wizard.
The orc wizard is almost dead.
The orc barely misses you. The orc closely misses you.
An orc priest comes into view. It is wielding a +0 hand axe.
The orc wizard hits you but does no damage.
The orc priest shouts!
You slash the orc wizard!
You kill the orc wizard!
The orc hits you but does no damage. x2
The orc priest invokes the aid of Beogh against you.
Beogh smites you!
You die...

#>................. $
...................
.####..##.............
..........#..........
#.......<...........
#........#......†...
#.............†.....
#.$.................
#.o@o...............
#.o)o...............
#....................
#..........#.........
#..........#.........
#.###..#.########....
.. #.##.# ## .#.# ..o
..##.# #... .... #...
....


You could see an orc priest and 4 orcs.

Vanquished Creatures
  An orc wizard (D:3)
  2 dart slugs
  An orc (D:3)
  8 endoplasms
  2 giant cockroaches
  2 goblins
  6 hobgoblins
  A quokka (D:3)
  4 ball pythons
  5 bats
  A frilled lizard (D:1)
  A kobold (D:2)
  4 rats
38 creatures vanquished.

Notes
Turn   | Place    | Note
-------+----------+-------------------------------------------
     0 | D:1      | IdlyInterested the Demonspawn Gladiator began the quest for
                  | the Orb.
     0 | D:1      | Reached XP level 1. HP: 16/16 MP: 1/1
   499 | D:1      | Gained mutation: You are partially covered in yellow
                  | scales. (AC +2) [demonic ancestry]
   499 | D:1      | Reached XP level 2. HP: 19/22 MP: 2/2
  1908 | D:2      | Found a faded altar of an unknown god.
  2032 | D:2      | Gained mutation: You have a small tail. [demonic ancestry]
  2032 | D:2      | Reached XP level 3. HP: 21/28 MP: 3/3
  2776 | D:3      | Killed from afar by an orc priest

Illustrated notes

Levels and vault maps discovered:
D:1:      heliophobic_arrival_enchanted_forest, layout_loops_corners
D:2:      layout_loops_ring, hellmonk_ecumenical_altar_slurped_away
D:3:      layout_rooms, mainiacjoe_overflow_chevrons

Skill      XL: |  1  2 |
---------------+-------+-----
Dodging        | 3 |  3.4
Long Blades    | 3 |  3.1
Fighting       | |  2.5
Throwing       | |  1.7

Action                   || total
-------------------------++-------
Melee: Long sword        ||    97
       Tailslap          ||     6
  Use: Scroll            ||     5
Armor: Leather armour    ||    14
       Ring mail         ||    16
Dodge: Dodged            ||    64
Block: Buckler           ||    10

Table legend: (Time is in decaauts)
 A = Elapsed time spent in this place.
 B = Non-inter-level travel time spent in this place.
 C = Inter-level travel time spent in this place.
 D = Time resting spent in this place.
 E = Time spent auto-exploring this place.
 F = Levels seen in this place.
 G = Mean time per level.
                   A        B        C        D        E       F      G
               +--------+--------+--------+--------+--------+-----+--------+
         Total |   2804 |   2568 |    236 |    508 |   1602 |   3 |  934.7 |
       Dungeon |   2804 |   2568 |    236 |    508 |   1602 |   3 |  934.7 |
               +--------+--------+--------+--------+--------+-----+--------+

Top non-repeatable levels by time:
     D:1: 1839 daAuts
     D:2: 904 daAuts
     D:3: 60 daAuts
